 Dungeon Crawl Stone Soup version 0.32-a0-999-gfa1cc04b1d (webtiles) character file.

Game seed: 3469513456299792675

42707 jasper the Severer (level 13, -8/112 HPs)
             Began as a Minotaur Gladiator on Apr 24, 2024.
             Was a High Priest of Okawaru.
             Mangled by Saint Roka
             ... wielding a +0 battleaxe
              (26 damage)
             ... on level 2 of the Orcish Mines.
             The game lasted 00:38:34 (19172 turns).

jasper the Severer (Minotaur Gladiator)            Turns: 19172, Time: 00:38:34

Health: -8/112     AC: 30    Str: 23    XL:     13   Next: 86%
Magic:  0/22       EV: 17    Int:  8    God:    Okawaru [*****.]
Gold:   645        SH:  0    Dex: 13    Spells: 12/12 levels left

rFire   . . .        e - +4 broad axe (freeze)
rCold   . . .        (no shield)
rNeg    + . .        Q - melded +3 plate armour {Will+}
rPois   ∞            z - +2 hat {Int+3}
rElec   +            i - +3 cloak of Gallantry {rPois}
rCorr   .            j - melded +0 pair of gloves
SInv    .            X - melded +0 pair of boots
Will    .....        o - amulet of guardian spirit
Stlth   +            C - ring of magical power
HPRegen 0.38/turn    s - +5 ring of evasion
MPRegen 0.18/turn

%: guardian spirit
@: statue-form, studying Unarmed Combat, very slow
A: slow and powerful, torment resistance 1, horns 2, retaliatory headbutt
a: Begin Untransformation, Renounce Religion, Heroism, Finesse, Duel


You were on level 2 of the Orcish Mines.
You worshipped Okawaru.
Okawaru was extremely pleased with you.
You were a living statue of rough stone.
You visited 4 branches of the dungeon, and saw 19 of its levels.
You also visited: Sewer, Ossuary, Bailey and Gauntlet.

You collected 1045 gold pieces.
You spent 400 gold pieces at shops.

Inventory:

Hand Weapons
 e - a +4 broad axe of freezing (weapon)
 y - a +0 broad axe
 Y - a +6 spectral club
Missiles
 c - 10 javelins
 d - 2 throwing nets (quivered)
 m - 14 poisoned darts
 Z - 10 boomerangs
Armour
 b - a +1 pair of boots
 i - the +3 cloak of Gallantry (worn) {rPois}
   (You found it in a Gauntlet)

   rPois:     It protects you from poison.
 j - a +0 pair of gloves (melded)
 z - a +2 hat of intelligence (worn)
 K - the scarf of Refuge {+Inv, rC+ rN+ MP+9}
   (Okawaru gifted it to you on level 5 of the Lair of Beasts)

   rC+:       It protects you from cold.
   rN+:       It protects you from negative energy.
   MP+9:      It affects your magic capacity (+9).
 Q - a +3 plate armour of willpower (melded)
 X - a +0 pair of boots (melded)
Jewellery
 o - an amulet of guardian spirit (around neck)
 s - a +5 ring of evasion (right fist)
 A - a ring of see invisible
 C - a ring of magical power (left fist)
 W - a ring of fire
Talismans
 f - a granite talisman (active)
Wands
 x - a wand of light (8)
 B - a wand of flame (5)
 F - a wand of mindburst (2)
 T - a wand of warping (10)
 U - a wand of digging (10)
Scrolls
 g - 2 scrolls of identify
 n - a scroll of blinking
 p - 5 scrolls of fog
 q - 2 scrolls of enchant armour
 t - a scroll of revelation
 v - a scroll of immolation
 w - 7 scrolls of teleportation
 H - 2 scrolls of torment
 I - 4 scrolls of fear
 J - 3 scrolls of vulnerability
 N - 2 scrolls of silence
 O - a scroll of poison
Potions
 h - 3 potions of ambrosia
 k - a potion of curing
 l - 5 potions of brilliance
 r - 2 potions of mutation
 u - 4 potions of attraction
 D - a potion of cancellation
 E - a potion of invisibility
 G - 2 potions of lignification
 L - a potion of haste
 M - 3 potions of resistance
 P - 2 potions of might
 R - 2 potions of heal wounds
 S - 2 potions of enlightenment
 V - 3 potions of magic
Miscellaneous
 a - a Gell's gravitambourine (2/2)


   Skills:
 + Level 8.3 Fighting
 + Level 17.6 Axes
 - Level 2.0 Throwing
 - Level 3.4 Dodging
 - Level 0.5 Unarmed Combat
 + Level 2.3 Invocations
 * Level 13.9 Shapeshifting


You had 12 spell levels left.
You didn't know any spells.
Your spell library contained the following spells:

 Spells                   Type           Power      Damage    Failure   Level
 Freeze                   Ice            0%         1d3       41%         1
 Magic Dart               Conj           0%         1d3       41%         1
 Necrotise                Necr           0%         1d4       41%         1
 Shock                    Conj/Air       0%         1d3       41%         1
 Blink                    Tloc           0%         N/A       54%         2
 Lesser Beckoning         Tloc           0%         N/A       54%         2
 Momentum Strike          Conj/Tloc      0%         3d8       54%         2
 Scorch                   Fire           0%         2d5       54%         2
 Frozen Ramparts          Ice            0%         1d1       78%         3
 Hailstorm                Conj/Ice       0%         3d5       78%         3
 Maxwell's Portable Pile  Tloc           0%         2d(5-13)  78%         3
 Sigil of Binding         Hex            0%         N/A       78%         3
 Swiftness                Air            0%         N/A       78%         3
 Vampiric Draining        Necr           0%         2d6       78%         3
 Airstrike                Air            0%         2d(0-16)  99%         4
 Anguish                  Hex/Necr       0%         N/A       99%         4
 Cause Fear               Hex            0%         N/A       99%         4
 Flame Wave               Conj/Fire      0%         2d4       99%         4
 Curse of Agony           Necr           0%         N/A       100%        5
 Enfeeble                 Hex            0%         N/A       100%        7
 Magnavolt                Erth/Air       0%         3d9       100%        7
 Maxwell's Capacitive Co  Air            0%         ∞         100%        8
 Call Imp                 Summ           Unusable   N/A       N/A         2
 Sublimation of Blood     Necr           Unusable   N/A       N/A         2
 Martyr's Knell           Necr/Summ      Unusable   N/A       N/A         4
 Summon Cactus Giant      Summ           Unusable   N/A       N/A         6
 Summon Hydra             Summ           Unusable   N/A       N/A         7

Dungeon Overview and Level Annotations

Branches:
Dungeon (11/15)            Temple (1/1) D:5            Lair (5/5) D:11
  Swamp (0/4) Lair:2        Snake (0/4) Lair:3          Orc (2/2) D:9
  Sewer (visited)         Ossuary (visited)          Bailey (visited)
Gauntlet (visited)
  Slime: Lair:4-5       Elf: Orc:2

Altars:
Ashenzari
Cheibriados
Dithmenos
Elyvilon
Fedhas
Gozag
Hepliaklqana
Kikubaaqudgha
Makhleb
Nemelex Xobeh
Okawaru
Qazlal
Ru
Sif Muna
Trog
Uskayaw
Vehumet
Wu Jian
Xom
Yredelemnul
Zin
The Shining One

Shops:
D:4 [   D:5 :   D:11 ?

Annotations:
Lair:1 2 transporters, ncactus's ghost, journeyman HuWn
Lair:2 exclusion: oklob plant
Orc:2 Saint Roka


Innate Abilities, Weirdness & Mutations

You are a living statue of rough stone.
Your actions are slow, but your melee attacks are powerful.
You are resistant to unholy torment.
Your equipment is partially melded.
You are immune to poison.
You have a pair of horns on your head.
You reflexively headbutt those who attack you in melee.


Message History

The orc warrior hits you from afar with a +0 trident!
You take 6 damage, and have 58/112 hp.
You now have 12/22 mp.
You hit Saint Roka but do no damage.
Saint Roka is heavily wounded.
Saint Roka completely misses you. You furiously retaliate!
You headbutt Saint Roka!
The orc warrior hits you but does no damage.
You barely miss Saint Roka.
Saint Roka is severely wounded.
Saint Roka invokes the aid of Beogh against you.
Beogh smites you!
The orc warrior hits you but does no damage.
You take 10 damage, and have 49/112 hp.
You now have 11/22 mp.
You completely miss Saint Roka. You headbutt Saint Roka.
Saint Roka is severely wounded.
Saint Roka mumbles some strange prayers to Beogh against you.
Beogh smites you!
The orc warrior hits you but does no damage.
You take 14 damage, and have 35/112 hp.
You now have 8/22 mp.
You slice Saint Roka!! You freeze Saint Roka!
Saint Roka is severely wounded.
Saint Roka mumbles some strange prayers to Beogh against you.
Beogh smites you!
* * * LOW HITPOINT WARNING * * *
The orc warrior barely misses you.
You take 9 damage, and have 26/112 hp.
You now have 6/22 mp.
You hit Saint Roka. You freeze Saint Roka.
Saint Roka is almost dead.
Saint Roka hits you but does no damage.
The orc warrior hits you from afar with a +0 trident!
* * * LOW HITPOINT WARNING * * *
You take 6 damage, and have 20/112 hp.
You now have 4/22 mp.
You feel better.
Saint Roka mumbles some strange prayers to Beogh against you.
Beogh smites you!
* * * LOW HITPOINT WARNING * * *
The orc warrior hits you but does no damage. x2
Saint Roka hits you with a +0 battleaxe!!
You die...
Saint Roka roars, "Praise to Beogh!"

#............#
.................. ###
#................
#{####.#.............#
))).#................##
§).oo..#..............##
.#).O..................#
##.......#.#...#o......#
#..#....#.#..o.I).....#
#...##..........)<....##
##.###..........).....#
###......#............#
#......#....#........#
##..................##
#....................#
##.#................##
###...#.....##......#


You could see Saint Roka and an orc warrior (strong).

Vanquished Creatures
  A minotaur (Gauntlet)
  2 hydras
  A boulder beetle (Lair:2)
  A centaur warrior (D:10)
  5 two-headed ogres
  3 death yaks (Lair:1)
  A skyshark (Lair:2)
  A fire crab (Gauntlet)
  3 bog bodies (Lair:2)
  An arcanist (D:10)
  An obsidian bat (Orc:2)
  An orc knight (Orc:2)
  A salamander (Lair:3)
  A manticore (Lair:5)
  An ugly thing (D:10)
  Maurice (D:10)
  2 elephants (Lair:5)
  3 black mambas
  A gargoyle (Bailey)
  12 cane toads
  10 komodo dragons
  An unseen horror (D:11)
  5 rime drakes
  Psyche (D:10)
  A hornet (D:9)
  4 trolls
  Grinder (D:3)
  11 blink frogs
  A vampire (Bailey)
  A ynoxinul (Gauntlet)
  31 yaks
  4 fire bats (Gauntlet)
  A shadow (D:10)
  4 wargs (Orc:2)
  4 wyverns
  Eustachio (D:6)
  2 basilisks
  Menkaure (D:6)
  3 acid dragons
  12 water moccasins
  Duvessa (D:6)
  10 orc warriors
  A sky beast (D:8)
  4 black bears
  2 laughing skulls (Gauntlet)
  A crocodile (Sewer)
  4 ogres
  14 wolves
  A centaur (D:8)
  A weeping skull (Gauntlet)
  12 bullfrogs
  3 scorpions
  3 wights (D:9)
  Dowan (D:6)
  7 killer bees
  9 vampire bats (Bailey)
  7 electric eels
  A bombardier beetle (D:5)
  3 howler monkeys
  9 wolf zombies (Bailey)
  4 lava snakes
  4 bullfrog zombies (Ossuary)
  4 iron imps (Gauntlet)
  8 hounds
  Crazy Yiuf (D:2)
  11 orc priests
  2 sleepcaps
  Jessica (D:3)
  Ijyb (D:4)
  Terence (D:3)
  6 iguanas
  14 orc wizards
  A killer bee zombie (Ossuary)
  2 crocodile zombies (Ossuary)
  13 hound zombies (Ossuary)
  3 howler monkey zombies (Ossuary)
  6 mummies (Ossuary)
  6 gnolls
  8 adders
  A white imp (D:7)
  2 ufetubi (D:5)
  2 ribbon worms (D:3)
  51 orcs
  11 endoplasms
  11 giant cockroaches
  8 goblins
  10 hobgoblins
  5 jackals (Sewer)
  4 kobolds
  6 quokkas
  4 ball pythons
  2 ball python zombies (Ossuary)
  9 bats
  8 frilled lizards
  16 orc zombies (Bailey)
  10 rats
  A butterfly (Lair:2)
493 creatures vanquished.

Vanquished Creatures (others)
  A spectral weapon (Lair:4)
1 creature vanquished.

Grand Total: 494 creatures vanquished

Notes
Turn   | Place    | Note
-------+----------+-------------------------------------------
     0 | D:1      | jasper the Minotaur Gladiator began the quest for the Orb.
     0 | D:1      | Reached XP level 1. HP: 18/18 MP: 0/0
    78 | D:1      | Reached skill level 4 in Axes
   217 | D:1      | Reached XP level 2. HP: 25/25 MP: 1/1
   449 | D:1      | Identified a scroll of acquirement
   454 | D:1      | Acquired a granite talisman
   549 | D:1      | Reached XP level 3. HP: 26/30 MP: 2/2
   851 | D:2      | Reached skill level 5 in Axes
  1087 | D:2      | Reached XP level 4. HP: 22/37 MP: 3/3
  1315 | D:2      | Found a runed translucent door.
  1316 | D:2      | Noticed Crazy Yiuf
  1339 | D:2      | Reached skill level 6 in Axes
  1909 | D:3      | Noticed Terence
  1922 | D:3      | Killed Terence
  2199 | D:3      | Reached XP level 5. HP: 42/42 MP: 4/4
  2200 | D:3      | Found a glowing drain.
  2219 | Sewer    | Entered a sewer
  2303 | Sewer    | Noticed a crocodile
  2310 | Sewer    | Killed a crocodile
  2311 | Sewer    | Reached skill level 7 in Axes
  2464 | D:3      | Noticed Grinder
  2476 | D:4      | Found Ecac's Armour Emporium.
  2679 | D:4      | Noticed Ijyb
  2693 | D:4      | Killed Ijyb
  2694 | D:4      | Reached skill level 8 in Axes
  2694 | D:4      | Reached XP level 6. HP: 21/50 MP: 5/5
  3519 | D:5      | Entered Level 5 of the Dungeon
  3572 | D:5      | Reached skill level 9 in Axes
  3596 | D:5      | Reached XP level 7. HP: 45/56 MP: 3/6
  3719 | D:5      | Reached skill level 10 in Axes
  4193 | D:5      | Reached skill level 11 in Axes
  4268 | D:5      | Found Lyvel's Book Shoppe.
  4387 | D:5      | Reached XP level 8. HP: 62/62 MP: 7/7
  4553 | D:5      | Found a staircase to the Ecumenical Temple.
  4564 | Temple   | Entered the Ecumenical Temple
  4571 | Temple   | Became a worshipper of Warmaster Okawaru
  4776 | D:6      | Noticed Menkaure
  4782 | D:6      | Killed Menkaure
  4783 | D:6      | Reached skill level 12 in Axes
  5010 | D:6      | Noticed Eustachio
  5037 | D:6      | Killed Eustachio
  5037 | D:6      | Reached * piety under Okawaru
  5038 | D:6      | Reached skill level 13 in Axes
  5515 | D:6      | Noticed Duvessa
  5515 | D:6      | Noticed Dowan
  5524 | D:6      | Killed Duvessa
  5547 | D:6      | Killed Dowan
  5996 | D:7      | Reached skill level 14 in Axes
  6028 | D:7      | Found a sand-covered staircase.
  6036 | Ossuary  | Entered an ossuary
  6068 | Ossuary  | Reached XP level 9. HP: 66/68 MP: 6/8
  6111 | Ossuary  | Reached ** piety under Okawaru
  6302 | D:7      | Found a flagged portal.
  6317 | Bailey   | Entered a bailey
  6430 | Bailey   | Noticed a gargoyle
  6440 | Bailey   | Killed a gargoyle
  6441 | Bailey   | Reached skill level 15 in Axes
  6441 | Bailey   | Reached skill level 1 in Invocations
  6533 | Bailey   | Identified the +0 ring mail "Wuij" {rPois rC- Will++}
  6688 | Bailey   | Reached *** piety under Okawaru
  6831 | Bailey   | Reached skill level 5 in Fighting
  6838 | Bailey   | Reached skill level 16 in Axes
  7169 | D:7      | Reached skill level 1 in Shapeshifting
  7373 | D:7      | Reached XP level 10. HP: 79/81 MP: 10/10
  7677 | D:8      | Found a hide-covered altar of Uskayaw.
  7961 | D:8      | Reached **** piety under Okawaru
  8538 | D:9      | Noticed a two-headed ogre
  8552 | D:9      | Killed a two-headed ogre
  8593 | D:9      | Noticed a two-headed ogre
  8600 | D:9      | Killed a two-headed ogre
  8601 | D:9      | Reached skill level 5 in Shapeshifting
  8843 | D:9      | Found a staircase to the Orcish Mines.
  9284 | D:10     | Entered Level 10 of the Dungeon
  9292 | D:10     | Noticed a two-headed ogre
  9304 | D:10     | Killed a two-headed ogre
  9433 | D:10     | Noticed Maurice
  9458 | D:10     | Killed Maurice
  9498 | D:10     | Reached XP level 11. HP: 86/86 MP: 11/11
  9602 | D:10     | Noticed a two-headed ogre
  9604 | D:10     | Noticed a cyan ugly thing
  9605 | D:10     | Noticed a centaur warrior
  9607 | D:10     | Noticed an arcanist
  9612 | D:10     | Killed a two-headed ogre
  9623 | D:10     | Killed a centaur warrior
  9634 | D:10     | Killed an arcanist
  9634 | D:10     | Reached ***** piety under Okawaru
  9873 | D:10     | Noticed Psyche
  9887 | D:10     | Killed Psyche
  9991 | D:10     | Noticed a two-headed ogre
 10003 | D:10     | Killed a two-headed ogre
 10771 | D:10     | Killed a cyan ugly thing
 11232 | D:3      | Killed Grinder
 11367 | D:3      | Found a glowing golden altar of the Shining One.
 11367 | D:3      | Found a glowing silver altar of Zin.
 11381 | D:3      | Found a snail-covered altar of Cheibriados.
 11386 | D:3      | Found an ancient bone altar of Kikubaaqudgha.
 11388 | D:3      | Found a basalt altar of Yredelemnul.
 11388 | D:3      | Noticed Jessica
 11393 | D:3      | Found a white marble altar of Elyvilon.
 11395 | D:3      | Killed Jessica
 11812 | D:2      | Killed Crazy Yiuf
 12009 | D:11     | Found a staircase to the Lair.
 12039 | D:11     | Received a gift from Okawaru
 12040 | D:11     | Reached skill level 10 in Shapeshifting
 12395 | D:11     | Found a gate leading to a gauntlet.
 12409 | Gauntlet | Entered a Gauntlet
 12409 | Gauntlet | Noticed a fire crab
 12409 | Gauntlet | Found a runed translucent door.
 12409 | Gauntlet | Found a transporter.
 12409 | Gauntlet | Found a runed translucent door.
 12409 | Gauntlet | Found a runed translucent gate.
 12409 | Gauntlet | Found a transporter.
 12409 | Gauntlet | Found a runed translucent gate.
 12410 | Gauntlet | Found a runed translucent gate.
 12421 | Gauntlet | Found a transporter.
 12439 | Gauntlet | Found a transporter.
 12439 | Gauntlet | Found a transporter.
 12441 | Gauntlet | Found a transporter.
 12441 | Gauntlet | Found a transporter.
 12442 | Gauntlet | Found a transporter.
 12454 | Gauntlet | Found a transporter.
 12469 | Gauntlet | Noticed a white ugly thing
 12470 | Gauntlet | Found a transporter.
 12470 | Gauntlet | Noticed a cyan ugly thing
 12475 | Gauntlet | Noticed a glowing orange brain
 12480 | Gauntlet | Found a transporter.
 12494 | Gauntlet | Found a transporter.
 12528 | Gauntlet | Found a transporter.
 12528 | Gauntlet | Noticed a soul eater
 12540 | Gauntlet | Found a transporter.
 12699 | Gauntlet | Killed a fire crab
 12908 | Gauntlet | Reached XP level 12. HP: 94/94 MP: 12/12
 12937 | Gauntlet | Noticed a minotaur
 12955 | Gauntlet | Killed a minotaur
 12969 | Gauntlet | Identified the +3 cloak of Gallantry {rPois}
 12969 | Gauntlet | Identified the +0 trident "Ommeinn" {flame, Str+4}
 13224 | D:11     | Identified the +6 short sword of Fohuku {spect, Dex+7
                  | Stlth+}
 13313 | D:11     | Found Wahuthrag's Magic Scroll Shop.
 13323 | D:11     | Bought a scroll of teleportation for 33 gold pieces
 13323 | D:11     | Bought a scroll of enchant armour for 82 gold pieces
 13323 | D:11     | Bought a scroll of teleportation for 33 gold pieces
 13323 | D:11     | Bought a scroll of enchant weapon for 82 gold pieces
 13323 | D:11     | Bought a scroll of blinking for 82 gold pieces
 13323 | D:11     | Bought a scroll of identify for 22 gold pieces
 13323 | D:11     | Bought a scroll of identify for 22 gold pieces
 13323 | D:11     | Bought a scroll of identify for 22 gold pieces
 13323 | D:11     | Bought a scroll of identify for 22 gold pieces
 13822 | Lair:1   | Entered Level 1 of the Lair of Beasts
 14128 | Lair:1   | Noticed ncactus's ghost (journeyman HuWn)
 14138 | Lair:1   | Found a transporter.
 14239 | Lair:1   | Noticed a death yak
 14239 | Lair:1   | Noticed a death yak
 14239 | Lair:1   | Noticed a death yak
 14243 | Lair:1   | Found a transporter.
 14265 | Lair:1   | Killed a death yak
 14273 | Lair:1   | Killed a death yak
 14273 | Lair:1   | Received a gift from Okawaru
 14282 | Lair:1   | Killed a death yak
 14840 | Lair:1   | Found a burning altar of Makhleb.
 15311 | Lair:2   | Identified the blade talisman of the Onion {rF- rC- rCorr
                  | MP+9 Int+5}
 15458 | Lair:2   | Received a gift from Okawaru
 15521 | Lair:2   | Found a staircase to the Swamp.
 15573 | Lair:2   | Noticed a boulder beetle
 15587 | Lair:2   | Killed a boulder beetle
 15661 | Lair:2   | Reached XP level 13. HP: 91/101 MP: 13/13
 15929 | Lair:2   | You fall into a shaft and drop 2 floors!
 17130 | Lair:5   | Entered Level 5 of the Lair of Beasts
 17161 | Lair:5   | Reached ****** piety under Okawaru
 17162 | Lair:5   | Received a gift from Okawaru
 17304 | Lair:5   | Acquired a +5 vampiric executioner's axe
 17304 | Lair:5   | Received a gift from Okawaru
 17305 | Lair:5   | Acquired the scarf of Refuge {+Inv, rC+ rN+ MP+9}
 17305 | Lair:5   | Received a gift from Okawaru
 17352 | Lair:5   | Reached skill level 17 in Axes
 17589 | Lair:3   | Found a staircase to the Snake Pit.
 18729 | Orc:1    | Entered Level 1 of the Orcish Mines
 18846 | Orc:2    | Entered Level 2 of the Orcish Mines
 18872 | Orc:2    | Noticed Saint Roka
 19172 | Orc:2    | Mangled by Saint Roka

Illustrated notes

Levels and vault maps discovered:
D:1:      dpeg_arrival_more_subterranean_lakeside_camping, layout_basic,
          minmay_pentomino_r4
D:2:      layout_loops_corners, uniq_crazy_yiuf_cottage
D:3:      layout_basic, nicolae_overflow_hallway_of_the_gods,
          gup_sewer_entry_bowl, uniq_grinder, uniq_terence, uniq_jessica
D:4:      layout_loops_corners, serial_shops, shop, uniq_ijyb
D:5:      layout_layer_cave, minmay_temple_entry_overgrown, serial_shops,
          nicolae_shop_behind_doors
D:6:      layout_gridville, minmay_misc_feat_pillars, uniq_duvessa,
          uniq_eustachio, uniq_menkaure
D:7:      layout_gridville, enter_bailey_3,
          lightli_ossuary_entry_decrepit_ruins, kennysheep_pointless_box
D:8:      layout_basic, lemuel_tele_altar, minmay_misc_feat_encased
D:9:      layout_basic, orc_0_dummy
D:10:     minmay_slanted_spiral_squares, layout_basic, uniq_psyche, uniq_maurice
D:11:     layout_roguey, erik_lair_island, serial_shops, shop,
          gauntlet_entry_generic, serial_bayou_pond_c
Temple:   nicolae_temple_superstar
Lair:1:   layout_gridlike, basic_altar, gammafunk_ghost_arena,
          beast_lair_carwin_3, grunt_megastairs_1
Lair:2:   layout_big_grid, nicolae_swamp_entry_splash_gauntlet,
          chequers_serial_rivers_large_a, lemuel_fruit_fields,
          lemuel_fruit_fields
Lair:3:   layout_regular_city, nicolae_snake_entry_warm_welcome, st_stairs_3,
          beast_lair_carwin_5, infiniplex_staircase_pool
Lair:4:   layout_layer_cave
Lair:5:   hangedman_lair_in_review, layout_gridlike, guppyfry_lair_end_dragon,
          slime_entry_1, minmay_lindwurm_lava, lemuel_fruit_fields
Orc:1:    layout_diamond_mine
Orc:2:    st_orc_mages, layout_caves, uniq_saint_roka

Skill      XL: |  1  2  3  4  5  6  7  8  9 10 11 12 13 |
---------------+----------------------------------------+-----
Axes           | 4 5 6 8 9 11 14 16 17 | 17.6
Fighting       | 5 8 |  8.3
Invocations    | 2 |  2.3
Shapeshifting  | 1 7 10 13 | 13.9
Throwing       | |  2.0
Dodging        | |  3.4
Unarmed Combat | |  0.5

Action                     |  1- 3 |  4- 6 |  7- 9 | 10-12 | 13-15 || total
---------------------------+-------+-------+-------+-------+-------++-------
  Melee: War axe           |    93 |   136 |   316 |   342 |       ||   887
         Headbutt          |    12 |    21 |    52 |   115 |    47 ||   247
         Broad axe         |       |       |       |   235 |   189 ||   424
         Club              |       |       |       |       |    11 ||    11
  Throw: Throwing net      |       |     2 |       |       |       ||     2
 Invoke: Heroism           |       |       |     1 |    10 |       ||    11
         Finesse           |       |       |       |       |     1 ||     1
         Receive Weapon    |       |       |       |       |     1 ||     1
         Receive Armour    |       |       |       |       |     1 ||     1
Ability: Begin Untransform |       |       |       |     1 |       ||     1
  Evoke: Wand              |       |       |     1 |    18 |     2 ||    21
    Use: Scroll            |     3 |     7 |    10 |    15 |     6 ||    41
         Potion            |       |       |     2 |     6 |     2 ||    10
   Stab: Held in net/web   |       |     1 |       |       |       ||     1
         Invisible         |       |       |       |     1 |       ||     1
         Distracted        |       |       |       |       |     1 ||     1
         Sleeping          |       |       |       |       |     1 ||     1
 Armour: Leather armour    |    22 |       |       |       |       ||    22
         Ring mail         |    50 |    24 |       |       |       ||    74
         Chain mail        |       |   116 |   244 |       |       ||   360
         Plate armour      |       |       |    76 |   377 |       ||   453
         Skin              |       |       |       |    21 |   190 ||   211
  Dodge: Dodged            |    57 |    74 |   263 |   292 |   233 ||   919
   Form: Statue            |       |       |       |     2 |       ||     2

Table legend: (Time is in decaauts)
 A = Elapsed time spent in this place.
 B = Non-inter-level travel time spent in this place.
 C = Inter-level travel time spent in this place.
 D = Time resting spent in this place.
 E = Time spent auto-exploring this place.
 F = Levels seen in this place.
 G = Mean time per level.
                   A        B        C        D        E       F      G
               +--------+--------+--------+--------+--------+-----+--------+
         Total |  20858 |  19192 |   1666 |   1181 |  14410 |  23 |  906.9 |
       Dungeon |  11986 |  10842 |   1144 |    407 |   8643 |  11 | 1089.6 |
        Temple |     14 |      8 |      6 |      0 |      0 |   1 |   14.0 |
          Lair |   6440 |   5950 |    490 |    201 |   4771 |   5 | 1288.0 |
  Orcish Mines |    641 |    615 |     26 |    343 |    150 |   2 |  320.5 |
         Sewer |    155 |    155 |      0 |      2 |    105 |   1 |  155.0 |
       Ossuary |    253 |    253 |      0 |      0 |      0 |   1 |  253.0 |
        Bailey |    608 |    608 |      0 |      0 |    412 |   1 |  608.0 |
      Gauntlet |    758 |    758 |      0 |    227 |    328 |   1 |  758.0 |
               +--------+--------+--------+--------+--------+-----+--------+

Top non-repeatable levels by time:
  Lair:4: 1912 daAuts
    D:10: 1896 daAuts
  Lair:2: 1549 daAuts
  Lair:1: 1338 daAuts
     D:5: 1281 daAuts
  Lair:3: 1270 daAuts
     D:6: 1240 daAuts
     D:4: 1146 daAuts
     D:2: 1138 daAuts
    D:11: 961 daAuts
     D:8: 927 daAuts
     D:9: 896 daAuts
     D:1: 863 daAuts
     D:3: 844 daAuts
     D:7: 790 daAuts
